Map: Alaeni Enclave

Players

yamato - Winner!

  • Race: Terran Terran
  • Spawn Location: 3:00

Darkaegis - Winner!

  • Race: Terran Terran
  • Spawn Location: 9:00

Proof - Winner!

  • Race: Terran Terran
  • Spawn Location: 11:00

Metasapien - Winner!

  • Race: Zerg Zerg
  • Spawn Location: 1:00

silver

  • Race: Protoss Protoss
  • League: Bronze
  • Spawn Location: 3:00

Wildmage

  • Race: Protoss Protoss
  • Spawn Location: 5:00

Ebiru

  • Race: Terran Terran
  • Spawn Location: 7:00

Ameal

  • Race: Terran Terran
  • Spawn Location: 9:00

VOD

Have the link to the VOD?

Description

Time

  • Played on: Aug. 15, 2017, 8:25 a.m.
  • Length: 20:13
Show
View Real Time Build Order
Export as new Build Order

yamato Terran - Winner!

Build Orders: Command Center First (CC) 

Get SALT Encoding   

  12  0:01  SCV  
  13  0:13  SCV  
  14  0:24  Supply Depot  
  14  0:25  SCV  
  15  0:45  SCV  
  16  0:57  SCV  
  16  1:02  Command Center  
  17  1:09  SCV  
  18  1:16  Barracks  
  18  1:22  SCV  
  19  1:31  Supply Depot  
  19  1:34  SCV  
  20  1:44  Engineering Bay  
  20  1:46  SCV  
  21  1:48  Refinery  
  21  1:53  Refinery  
  21  2:10  Marine  
  22  2:16  Missile Turret  
  22  2:22  Orbital Command  
  22  2:30  Orbital Command  
  22  2:48  SCV  
  23  2:56  SCV  
  24  3:00  SCV  
  25  3:08  SCV  
  25  3:12  SCV  
  27  3:23  SCV  
  27  3:24  SCV  
  29  3:29  Command Center  
  29  3:35  SCV  
  29  3:36  SCV  
  31  3:48  SCV x2  
  33  4:00  SCV x2  
  35  4:09  Refinery  
  34  4:10  Refinery  
  34  4:12  SCV  
  34  4:13  SCV  
  36  4:21  Missile Turret  
  36  4:23  Factory  
  36  4:24  SCV  
  36  4:25  SCV  
  36  4:29  Hi-Sec Auto Tracking, Command Center  
  38  4:33  Missile Turret  
  38  4:36  Sensor Tower, SCV  
  38  4:37  SCV  
  41  4:48  SCV  
  41  4:49  Orbital Command, SCV  
  42  5:00  SCV  
  42  5:01  SCV  
  42  5:02  Missile Turret  
  44  5:09  Factory Reactor  
  44  5:12  SCV  
  44  5:13  SCV  
  46  5:15  Starport, Refinery  
  46  5:17  SCV  
  46  5:18  Refinery  
  47  5:22  Missile Turret  
  47  5:24  SCV  
  47  5:25  SCV  
  47  5:27  Missile Turret  
  49  5:29  SCV  
  49  5:31  Starport  
  50  5:36  Starport, SCV  
  50  5:37  SCV  
  50  5:41  SCV  
  53  5:45  Widow Mine x2  
  57  5:58  Missile Turret  
  57  5:59  Missile Turret  
  57  6:00  SCV x3  
  60  6:12  SCV  
  61  6:19  Planetary Fortress  
  61  6:41  Refinery  
  61  6:42  Refinery  
  61  6:44  Missile Turret  
  61  6:45  Missile Turret  
  61  6:46  Missile Turret x2  
  61  6:48  Missile Turret  
  61  6:56  Missile Turret  
  61  6:58  SCV  
  61  7:01  Starport Tech Lab x3  
  62  7:04  Missile Turret  
  62  7:09  SCV x3  
  62  7:10  SCV  
  62  7:14  Starport x2  
  66  7:17  Starport  
  66  7:19  Building Armor  
  66  7:21  Raven x2, Starport, SCV x2  
  66  7:22  Raven, SCV  
  75  7:23  Corvid Reactor  
  75  7:26  Recalibrated Explosives  
  75  7:34  SCV  
  76  7:37  Missile Turret  
  76  7:42  Supply Depot x2  
  76  7:44  Supply Depot  
  76  7:45  Supply Depot  
  76  7:46  SCV  
  76  7:51  Starport Tech Lab x2  
  77  7:57  Missile Turret  
  77  8:03  Raven, SCV x4  
  77  8:05  Supply Depot  
  83  8:06  Supply Depot  
  83  8:11  Command Center  
  83  8:13  Missile Turret, Starport Tech Lab x2  
  83  8:15  Raven, SCV x4  
  83  8:16  Raven x2  
  83  8:17  Raven  
  83  8:18  Missile Turret  
  95  8:27  Barracks  
  95  8:28  Barracks  
  95  8:29  Missile Turret, Supply Depot  
  95  8:31  Supply Depot  
  95  8:32  Missile Turret  
  95  8:33  Raven x2  
  99  8:34  Missile Turret  
  99  8:53  Supply Depot  
  99  8:54  Missile Turret, Supply Depot  
  99  9:02  Raven x5  
  105  9:04  Missile Turret  
  109  9:12  Armory  
  109  9:15  Missile Turret  
  109  9:16  Raven, Supply Depot  
  111  9:18  Supply Depot  
  111  9:19  Supply Depot  
  111  9:22  Raven  
  113  9:25  Missile Turret  
  113  9:27  Missile Turret  
  113  9:33  Missile Turret  
  113  9:34  Missile Turret  
  113  9:42  Sensor Tower  
  113  9:45  Raven, Missile Turret  
  115  9:49  Raven x2  
  115  9:50  Missile Turret  
  115  9:52  Raven  
  121  9:53  Marine x3  
  121  9:55  Missile Turret  
  124  10:00  Terran Vehicle And Ship Armor Level 1  
  124  10:02  Missile Turret  
  124  10:07  Missile Turret  
  124  10:11  Marine x3  
  127  10:17  Barracks  
  127  10:21  Missile Turret, Barracks  
  127  10:22  Barracks  
  127  10:23  Raven x2  
  127  10:24  Raven  
  133  10:28  Marine  
  133  10:29  Marine x2  
  134  10:41  Missile Turret  
  133  10:46  Marine  
  133  10:47  Marine x2  
  136  11:04  Marine x3  
  139  11:22  Marine x3  
  142  11:29  Raven x6  
  154  11:59  Raven  
  154  12:00  Marine x6  
  162  12:07  Terran Vehicle And Ship Armor Level 2  
  162  12:12  Raven  
  164  12:17  Marine, Raven  
  164  12:18  Marine x5  
  172  12:35  Marine  
  172  12:36  Marine x5  
  178  12:53  Marine x5  
  178  12:54  Marine  
  184  13:00  Raven x4  
  192  13:11  Marine x6  
  183  13:21  Raven x2  
  186  13:47  Raven x2  
  190  13:49  Raven  
  184  14:03  Raven  
  184  14:04  Marine x6  
  192  14:22  Marine x6  
  198  14:24  Planetary Fortress  
  198  14:27  Refinery  
  198  14:30  Raven  
  200  14:32  Refinery  
  200  15:14  Missile Turret  
  200  15:15  Missile Turret  
  200  15:18  Command Center  
  200  15:19  Missile Turret x2  
  200  15:20  Missile Turret  
  200  15:22  Missile Turret  
  200  15:23  Missile Turret  
  200  15:24  Missile Turret  
  200  15:26  Missile Turret  
  200  15:28  Missile Turret  
  200  15:31  Sensor Tower  
  200  15:40  Missile Turret  
  200  15:42  Missile Turret  
  200  15:44  Missile Turret  
  200  15:52  Missile Turret  
  200  16:02  Missile Turret  
  200  16:04  Missile Turret, Command Center  
  200  16:06  Command Center  
  200  16:07  Missile Turret x2  
  200  16:09  Missile Turret x2  
  200  16:15  Missile Turret  
  200  16:17  Terran Vehicle And Ship Armor Level 3  
  200  16:24  Missile Turret  
  200  16:31  Missile Turret x2  
  200  16:32  Missile Turret  
  200  16:34  Missile Turret  
  200  16:37  Planetary Fortress  
  200  16:39  Missile Turret  
  200  16:55  Missile Turret  
  200  17:11  Refinery  
  200  17:13  Refinery  
  200  17:20  Missile Turret  
  200  17:22  Missile Turret  
  200  17:24  Missile Turret  
  200  17:27  Missile Turret  
  200  17:28  Missile Turret  
  191  17:31  Missile Turret  
  191  17:32  Orbital Command, Missile Turret  
  191  17:33  Sensor Tower, Missile Turret  
  191  17:34  Orbital Command, Missile Turret  
  191  17:36  Refinery  
  191  17:38  Sensor Tower  
  191  17:42  Sensor Tower  
  191  17:51  Missile Turret  
  191  17:53  Missile Turret x2  
  191  17:55  Missile Turret  
  188  17:58  Missile Turret  
  188  18:00  Missile Turret x2  
  158  18:18  Raven x2  
  158  18:19  Raven x5, Missile Turret, Refinery  
  170  18:22  Missile Turret  
  170  18:23  Missile Turret  
  170  18:25  Missile Turret  
  166  18:39  Missile Turret  
  166  18:43  Missile Turret  
  164  19:01  Raven x2  
  164  19:02  Missile Turret  
  168  19:05  Missile Turret  
  168  19:06  Command Center  
  168  19:23  Missile Turret  
  168  19:26  Missile Turret  
  168  19:43  Missile Turret  
  166  19:47  Missile Turret  
  158  20:07  Missile Turret  
  158  20:11  Missile Turret  
Show
View Real Time Build Order
Export as new Build Order

Darkaegis Terran - Winner!

Build Orders:  

Get SALT Encoding   

  12  0:03  SCV  
  13  0:15  SCV  
  14  0:27  SCV  
  15  0:51  Supply Depot, Refinery  
  15  0:55  Refinery  
  15  1:01  Supply Depot  
  15  1:12  SCV  
  16  1:18  Barracks  
  16  1:24  SCV  
  17  1:37  SCV  
  18  1:51  SCV  
  19  2:06  SCV  
  20  2:17  Supply Depot  
  20  2:20  Factory  
  20  2:23  Barracks Tech Lab  
  20  2:25  SCV  
  20  2:29  Refinery  
  21  2:37  SCV  
  23  2:51  SCV  
  23  2:56  Barracks Tech Lab  
  23  3:03  SCV  
  24  3:08  Starport  
  24  3:09  Widow Mine  
  26  3:23  Starport  
  26  3:24  Orbital Command  
  26  3:28  Engineering Bay  
  26  3:33  Marine  
  27  3:40  Factory Reactor  
  27  3:47  Banshee  
  30  3:50  Hyperflight Rotors  
  30  4:03  Missile Turret  
  30  4:05  Banshee  
  33  4:12  SCV  
  33  4:16  Cloaking Field  
  34  4:19  Marine  
  35  4:30  Banshee  
  38  4:33  SCV  
  39  4:39  Supply Depot  
  39  4:55  Supply Depot  
  39  5:00  Banshee, SCV  
  39  5:07  Hi-Sec Auto Tracking  
  43  5:09  Supply Depot  
  43  5:14  Banshee  
  46  5:27  Marine  
  47  5:33  Missile Turret  
  47  5:35  SCV  
  48  5:43  Banshee  
  48  5:49  SCV, Refinery  
  52  5:51  Marine  
  53  6:04  Missile Turret  
  53  6:09  Widow Mine x2  
  57  6:12  Terran Infantry Weapons Level 1  
  48  7:48  Command Center  
  48  8:01  Widow Mine x2  
  46  8:17  Terran Infantry Armor Level 1  
  46  8:25  Factory  
  46  8:30  Widow Mine x2  
  46  8:31  Fusion Core  
  46  8:33  Barracks Tech Lab  
  50  8:36  Liberator x2  
  50  8:44  SCV  
  57  8:56  SCV, High Capacity Fuel Tanks  
  57  9:02  Orbital Command  
  58  9:14  SCV  
  59  9:20  Weapon Refit  
  59  9:25  Missile Turret  
  59  9:26  SCV  
  60  9:32  Marine, Armory  
  61  9:50  Marine  
  62  10:07  Marine  
  60  10:25  Marine  
  58  10:43  Marine  
  58  10:44  Widow Mine x2  
  60  10:57  Factory  
  60  11:02  Terran Vehicle And Ship Armor Level 1  
  60  11:03  Factory  
  60  11:12  Widow Mine  
  60  11:13  Widow Mine  
  64  11:21  Battlecruiser x2  
  64  11:22  Factory Tech Lab  
  76  11:25  Stimpack  
  76  11:41  Widow Mine  
  78  11:53  Factory Tech Lab  
  78  12:00  Factory Tech Lab  
  78  12:04  Missile Turret, Widow Mine  
  67  12:09  Widow Mine  
  67  12:15  Thor x2  
  74  12:21  Terran Infantry Weapons Level 2, Supply Depot  
  74  12:32  Widow Mine  
  76  12:42  Missile Turret  
  76  12:43  Thor  
  82  12:52  Supply Depot  
  82  13:13  Thor  
  88  13:25  Terran Vehicle Weapons Level 1  
  88  13:30  Supply Depot  
  88  14:01  Missile Turret  
  88  14:39  Terran Infantry Weapons Level 3  
  88  15:21  Terran Vehicle Weapons Level 2  
  88  15:27  Armory  
  88  15:36  Drilling Claws  
  88  15:41  Widow Mine x2  
  88  15:42  Widow Mine x3  
  98  16:08  Missile Turret  
  98  16:10  Widow Mine  
  68  17:01  Terran Ship Weapons Level 1  
  68  17:06  Widow Mine x5  
  78  17:34  Widow Mine x2  
  82  18:27  Missile Turret  
  74  19:14  Command Center  
  74  19:20  Siege Tank x3  
  74  19:24  Cyclone x2  
  89  19:27  Marine  
  90  19:45  Marine  
  91  19:58  Missile Turret  
Show
View Real Time Build Order
Export as new Build Order

Proof Terran - Winner!

Build Orders:  

Get SALT Encoding   

  12  0:03  SCV  
  13  0:15  SCV  
  13  0:20  Supply Depot  
  14  0:27  SCV  
  15  0:42  SCV  
  16  0:54  Barracks  
  16  0:56  Refinery  
  16  0:57  SCV  
  17  1:09  SCV  
  18  1:12  Refinery  
  18  1:20  Supply Depot  
  18  1:21  SCV  
  19  1:33  SCV  
  20  1:45  SCV  
  21  1:52  Command Center  
  21  1:57  SCV  
  22  2:11  SCV  
  23  2:24  SCV  
  23  2:26  Supply Depot  
  24  2:36  SCV  
  25  2:50  Supply Depot  
  25  2:53  Command Center  
  25  2:54  SCV  
  26  3:06  SCV  
  26  3:07  Factory  
  26  3:09  SCV  
  28  3:18  SCV  
  29  3:21  SCV  
  30  3:31  SCV  
  31  3:43  SCV  
  31  3:44  SCV  
  33  3:53  Refinery  
  33  3:55  SCV, Refinery  
  34  3:56  SCV  
  35  4:07  SCV  
  35  4:08  SCV  
  37  4:19  SCV  
  37  4:20  SCV  
  39  4:29  Starport  
  39  4:31  SCV  
  39  4:32  SCV  
  41  4:43  SCV  
  41  4:44  SCV  
  43  4:52  Refinery  
  43  4:54  SCV  
  43  4:56  SCV  
  45  5:06  Starport, SCV  
  46  5:08  SCV  
  47  5:15  Starport Tech Lab  
  47  5:18  SCV, Refinery  
  47  5:20  SCV  
  49  5:30  SCV  
  49  5:33  Supply Depot  
  50  5:39  SCV  
  50  5:42  SCV  
  52  5:44  Starport  
  52  5:50  Starport Tech Lab  
  52  5:51  SCV  
  52  5:52  Raven  
  52  5:54  SCV  
  52  5:55  Supply Depot  
  56  6:03  SCV  
  57  6:07  Recalibrated Explosives  
  57  6:13  Corvid Reactor  
  57  6:16  Raven  
  57  6:17  Supply Depot  
  59  6:20  Starport  
  59  6:41  Supply Depot  
  59  6:45  Starport Reactor  
  59  6:46  Raven  
  61  6:51  SCV  
  61  6:53  SCV  
  63  6:59  Raven, Starport  
  65  7:03  Supply Depot  
  65  7:05  SCV  
  66  7:18  SCV  
  66  7:22  Starport Tech Lab  
  67  7:25  Supply Depot  
  67  7:28  Raven  
  69  7:30  SCV  
  70  7:40  Barracks Reactor  
  70  7:42  Raven, SCV  
  73  7:47  Raven  
  73  7:50  Supply Depot  
  75  7:51  Starport Tech Lab  
  75  7:54  SCV  
  76  8:03  Orbital Command  
  76  8:06  Orbital Command, SCV  
  76  8:11  Raven  
  79  8:14  Supply Depot  
  79  8:18  SCV  
  79  8:19  Raven  
  82  8:25  Raven  
  84  8:30  Raven, SCV  
  87  8:37  Supply Depot  
  87  8:42  SCV  
  88  8:54  Raven, SCV  
  91  8:59  Supply Depot  
  91  9:02  Raven  
  93  9:07  Raven  
  95  9:13  Raven  
  97  9:23  Supply Depot  
  97  9:37  Raven, Starport Tech Lab  
  99  9:45  Raven, Supply Depot  
  101  9:50  Raven  
  103  9:56  Raven  
  105  10:06  Raven  
  107  10:20  Raven  
  109  10:27  Raven  
  111  10:48  Command Center  
  111  11:37  Raven x2  
  111  11:38  Raven x3  
  96  12:20  Raven x2  
  100  12:36  Banshee x3  
  109  13:03  Banshee x2  
  105  13:19  Viking x3  
  105  13:46  Viking x2  
  109  13:49  Viking x3  
  115  14:16  Viking, Banshee  
  120  14:19  Banshee x3  
  129  14:46  Banshee  
  132  14:59  Viking  
  134  15:02  Viking x3  
  140  15:28  Banshee  
  140  15:29  Banshee  
  140  15:31  Banshee  
  140  15:32  Viking x2  
  153  16:02  Viking x2  
  157  16:11  Viking  
  157  16:12  Viking  
  157  16:14  Banshee  
  164  16:32  Banshee x2  
  168  16:41  Viking x2  
  172  17:15  Supply Depot  
  172  17:19  Supply Depot  
  172  17:20  Supply Depot x2  
  172  17:36  Viking, Banshee x2  
  180  17:38  Supply Depot  
  180  17:40  Viking, Banshee  
  185  18:00  Supply Depot  
Show
View Real Time Build Order
Export as new Build Order

Metasapien Zerg - Winner!

Build Orders: Pool First 

Get SALT Encoding   

  12  0:20  Spawning Pool  
  11  0:25  Extractor, Drone  
  11  0:30  Drone  
  12  0:40  Drone  
  13  0:46  Drone  
  14  0:57  Overlord  
  14  1:16  Drone x2  
  14  1:18  Queen  
  18  1:34  Metabolic Boost  
  18  1:37  Drone x2  
  20  1:47  Overlord  
  20  2:06  Zergling x4  
  22  2:19  Hatchery  
  21  2:26  Zergling x4  
  23  2:36  Drone x2  
  23  2:37  Drone  
  26  2:39  Extractor  
  25  2:46  Queen  
  27  2:59  Drone x2  
  27  3:05  Overlord  
  26  3:32  Drone x3  
  26  3:34  Drone  
  29  3:42  Drone  
  29  3:44  Lair  
  30  3:54  Drone  
  30  3:55  Extractor, Drone x2  
  32  3:58  Extractor  
  31  4:06  Pneumatized Carapace  
  31  4:19  Drone x4  
  35  4:24  Drone x3  
  35  4:25  Drone x2  
  40  4:45  Spire  
  40  4:50  Infestation Pit  
  38  5:05  Overseer  
  38  5:06  Drone x3  
  38  5:07  Drone x3  
  43  5:13  Hatchery  
  43  5:14  Overlord x3  
  43  5:28  Hive  
  43  5:41  Burrow  
  43  5:47  Zergling x4  
  57  5:52  Drone x2  
  57  5:53  Drone  
  60  6:23  Drone  
  60  6:24  Drone x5  
  66  6:25  Drone  
  66  6:26  Drone x5  
  66  6:27  Queen  
  74  6:51  Overlord x3  
  74  6:58  Extractor  
  74  7:00  Extractor, Drone x2  
  74  7:08  Queen  
  74  7:14  Overlord x2  
  76  7:16  Drone x2  
  78  7:26  Drone  
  78  7:27  Drone x2  
  81  7:39  Corruptor  
  81  7:40  Corruptor x7  
  97  7:44  Greater Spire  
  97  7:45  Hatchery  
  96  7:56  Queen  
  98  8:00  Overseer  
  98  8:07  Overseer  
  98  8:28  Spire  
  97  8:40  Drone x2  
  97  8:41  Drone  
  100  9:10  Corruptor x10  
  120  9:18  Overlord x2  
  120  9:20  Overlord x4  
  120  9:55  Drone x3  
  120  9:58  Extractor  
  122  10:00  Extractor  
  121  10:14  Corruptor  
  121  10:15  Corruptor x16  
  121  10:17  Overlord  
  121  10:20  Zerg Flyer Weapons Level 1  
  155  10:24  Drone  
  156  10:30  Drone  
  155  11:12  Brood Lord x5  
  155  11:13  Brood Lord x2  
  163  11:22  Drone  
  163  11:23  Drone x3  
  165  12:11  Brood Lord  
  165  12:12  Brood Lord x4  
  175  13:04  Overlord x7  
  175  13:05  Overlord x2  
  131  13:21  Corruptor x7  
  131  13:22  Corruptor x14  
  171  14:10  Brood Lord  
  171  14:11  Brood Lord x3  
  171  14:16  Corruptor  
  179  14:17  Corruptor x3  
  181  14:51  Zerg Flyer Weapons Level 2  
  181  14:52  Hatchery, Zerg Flyer Armor Level 1  
  178  15:59  Brood Lord x5, Corruptor  
  178  16:00  Corruptor x5  
  200  17:00  Zerg Flyer Armor Level 2  
  200  17:28  Extractor  
  199  17:31  Extractor  
  198  18:32  Overseer  
  190  18:48  Brood Lord  
  190  18:49  Brood Lord x4  
Show
View Real Time Build Order
Export as new Build Order

silver Protoss 

Build Orders: Nexus First 

Get SALT Encoding   

  12  0:51  Nexus  
  12  0:53  Pylon  
  12  0:59  Probe (Chrono Boost)  
  13  1:08  Pylon  
  13  1:10  Probe (Chrono Boost)  
  14  1:20  Probe (Chrono Boost)  
  15  1:32  Gateway  
  15  1:55  Forge  
  15  2:00  Pylon  
  15  2:01  Probe (Chrono Boost)  
  16  2:12  Probe (Chrono Boost)  
  18  2:23  Probe (Chrono Boost)  
  18  2:33  Probe (Chrono Boost)  
  19  2:40  Photon Cannon  
  19  2:43  Photon Cannon  
  19  2:44  Probe (Chrono Boost)  
  20  2:46  Photon Cannon  
  20  2:49  Probe (Chrono Boost)  
  21  2:58  Assimilator  
  21  3:00  Assimilator  
  21  3:08  Pylon  
  20  3:15  Photon Cannon  
  19  3:34  Photon Cannon  
  19  3:36  Photon Cannon  
  19  3:37  Photon Cannon  
  19  3:48  Cybernetics Core  
  19  3:51  Probe (Chrono Boost)  
  19  3:52  Probe (Chrono Boost)  
  19  3:53  Pylon  
  18  4:30  Assimilator  
  18  4:32  Assimilator  
  18  4:39  Pylon  
  18  4:49  Probe x2 (Chrono Boost)  
  20  4:59  Probe (Chrono Boost)  
  22  5:00  Probe (Chrono Boost)  
  22  5:10  Probe x2 (Chrono Boost)  
  24  5:20  Probe (Chrono Boost)  
  24  5:21  Probe (Chrono Boost)  
  26  5:25  Nexus  
  26  5:31  Probe x2 (Chrono Boost)  
  28  5:45  Probe (Chrono Boost)  
  28  5:46  Probe (Chrono Boost)  
  30  5:56  Probe (Chrono Boost)  
  30  5:57  Probe (Chrono Boost)  
  32  5:59  Nexus  
  32  6:03  Assimilator  
  32  6:07  Probe x2 (Chrono Boost)  
  32  6:08  Assimilator  
  34  6:17  Probe (Chrono Boost)  
  34  6:18  Probe (Chrono Boost)  
  36  6:28  Probe x2 (Chrono Boost)  
  38  6:38  Probe (Chrono Boost)  
  38  6:39  Probe (Chrono Boost)  
  40  6:40  Photon Cannon  
  40  6:49  Probe x2 (Chrono Boost)  
  42  6:54  Stargate  
  42  7:00  Stargate  
  42  7:19  Pylon  
  42  7:21  Pylon  
  42  7:22  Pylon  
  42  7:30  Probe (Chrono Boost)  
  42  7:31  Probe x3 (Chrono Boost)  
  46  7:41  Probe x4 (Chrono Boost)  
  50  7:46  Pylon  
  50  7:47  Assimilator  
  50  7:50  Assimilator  
  50  7:51  Probe (Chrono Boost)  
  50  7:52  Probe x3 (Chrono Boost)  
  50  7:56  Phoenix x2  
  55  8:02  Probe (Chrono Boost)  
  55  8:03  Photon Cannon, Probe x3 (Chrono Boost)  
  59  8:08  Photon Cannon  
  59  8:10  Photon Cannon  
  60  8:13  Probe x4 (Chrono Boost)  
  60  8:15  Photon Cannon x2  
  63  8:21  Phoenix  
  65  8:39  Probe (Chrono Boost)  
  65  8:40  Probe x3 (Chrono Boost)  
  69  8:41  Photon Cannon  
  69  8:43  Pylon  
  69  8:50  Probe x4 (Chrono Boost)  
  69  8:54  Photon Cannon  
  73  8:58  Phoenix x2 (Chrono Boost)  
  73  8:59  Photon Cannon, Probe x2 (Chrono Boost)  
  73  9:00  Probe (Chrono Boost)  
  73  9:01  Probe (Chrono Boost)  
  81  9:10  Probe x2  
  81  9:12  Probe  
  81  9:13  Probe  
  85  9:20  Probe  
  85  9:21  Phoenix (Chrono Boost)  
  88  9:26  Assimilator  
  88  9:31  Assimilator, Probe  
  89  9:41  Probe  
  90  9:52  Probe  
  90  9:54  Stargate  
  90  9:55  Fleet Beacon  
  91  10:05  Gateway  
  91  10:07  Gateway  
  91  10:08  Gateway  
  91  10:11  Gateway  
  91  10:12  Gateway  
  91  10:31  Twilight Council  
  91  10:41  Forge  
  91  10:44  Pylon  
  85  10:52  Pylon  
  85  10:55  Pylon  
  79  10:58  Pylon  
  79  11:00  Stalker x4, Pylon  
  79  11:01  Stalker x2  
  84  11:30  Stalker x4  
  84  11:31  Zealot, Stalker  
  94  11:35  Photon Cannon  
  94  11:38  Photon Cannon  
  92  11:51  Phoenix x2 (Chrono Boost)  
  92  11:54  Phoenix (Chrono Boost)  
  95  11:55  Protoss Air Weapons Level 1  
  95  11:58  Zealot  
  95  12:00  Zealot x4  
  95  12:01  Zealot  
  107  12:12  Phoenix x2 (Chrono Boost)  
  112  12:19  Phoenix (Chrono Boost)  
  101  12:25  Zealot  
  101  12:27  Stalker  
  101  12:28  Stalker x4  
  82  12:48  Photon Cannon  
  82  12:49  Photon Cannon  
  82  12:50  Photon Cannon x2  
  69  12:51  Photon Cannon  
  69  12:52  Stalker  
  69  12:53  Photon Cannon  
  69  12:56  Photon Cannon  
  69  12:57  Photon Cannon, Stalker x2  
  69  12:58  Zealot x3  
  34  13:22  Zealot  
  34  13:25  Zealot x3  
  42  13:27  Zealot  
  42  13:28  Zealot  
  38  13:49  Zealot  
  38  13:52  Zealot x3  
  38  13:55  Zealot  
  33  14:16  Zealot  
Show
View Real Time Build Order
Export as new Build Order

Wildmage Protoss 

Build Orders:  

Get SALT Encoding   

  12  0:02  Probe (Chrono Boost)  
  13  0:13  Pylon  
  13  0:33  Forge  
  13  0:37  Probe (Chrono Boost)  
  14  0:48  Probe (Chrono Boost)  
  15  0:52  Assimilator  
  15  0:58  Probe (Chrono Boost)  
  16  1:09  Photon Cannon, Probe (Chrono Boost)  
  17  1:16  Photon Cannon  
  17  1:21  Probe (Chrono Boost)  
  18  1:31  Probe (Chrono Boost)  
  19  1:36  Gateway  
  19  1:41  Pylon  
  19  1:46  Probe (Chrono Boost)  
  20  1:57  Probe (Chrono Boost)  
  20  1:59  Assimilator  
  21  2:07  Probe (Chrono Boost)  
  22  2:18  Probe (Chrono Boost)  
  23  2:28  Probe (Chrono Boost)  
  23  2:29  Cybernetics Core  
  24  2:39  Probe (Chrono Boost)  
  25  2:44  Nexus  
  25  2:50  Probe (Chrono Boost)  
  26  3:00  Probe (Chrono Boost)  
  27  3:11  Probe (Chrono Boost)  
  28  3:15  Pylon  
  28  3:19  Photon Cannon  
  28  3:22  Mothership Core (Chrono Boost)  
  28  3:24  Photon Cannon  
  30  3:32  Stalker  
  32  3:52  Probe (Chrono Boost)  
  33  3:56  Stargate  
  33  3:58  Pylon  
  33  4:03  Assimilator, Probe x2 (Chrono Boost)  
  35  4:23  Probe x2 (Chrono Boost)  
  37  4:26  Warp Gate  
  37  4:33  Probe x2 (Chrono Boost)  
  39  4:50  Probe x2 (Chrono Boost)  
  39  4:52  Void Ray (Chrono Boost), Assimilator  
  45  5:01  Pylon  
  45  5:06  Pylon  
  45  5:09  Probe  
  45  5:10  Probe  
  47  5:21  Stargate  
  47  5:25  Stargate  
  47  5:30  Void Ray (Chrono Boost)  
  51  5:35  Probe  
  51  5:37  Probe  
  53  5:46  Probe  
  53  5:49  Probe  
  55  5:56  Photon Cannon  
  55  6:01  Pylon, Probe  
  56  6:06  Robotics Facility  
  56  6:07  Void Ray (Chrono Boost)  
  68  6:13  Void Ray (Chrono Boost)  
  68  6:16  Void Ray (Chrono Boost), Fleet Beacon  
  68  6:20  Pylon  
  68  6:24  Photon Cannon  
  68  6:30  Pylon  
  68  6:50  Photon Cannon  
  68  6:54  Photon Cannon  
  68  6:55  Observer  
  68  6:56  Photon Cannon  
  68  6:59  Void Ray (Chrono Boost)  
  77  7:05  Void Ray (Chrono Boost)  
  74  7:17  Observer  
  74  7:42  Nexus  
  74  7:52  Pylon  
  74  7:55  Pylon  
  74  7:57  Pylon  
  74  8:19  Tempest x2 (Chrono Boost)  
  86  8:33  Probe  
  86  8:39  Pylon  
  87  8:44  Probe  
  87  8:46  Observer  
  95  8:54  Probe  
  96  9:03  Photon Cannon  
  96  9:07  Photon Cannon  
  96  9:08  Photon Cannon  
  96  9:14  Photon Cannon  
  96  9:16  Photon Cannon, Probe  
  96  9:18  Probe  
  96  9:20  Photon Cannon  
  98  9:42  Protoss Air Weapons Level 1 (Chrono Boost)  
  98  9:49  Pylon  
  98  9:52  Tempest x2  
  104  9:56  Probe  
  104  9:58  Probe  
  106  10:49  Tempest x3  
  100  10:58  Observer  
  81  11:24  Protoss Air Armor Level 1 (Chrono Boost)  
  81  11:32  Phoenix x2  
  73  12:01  Anion Pulse-Crystals  
  73  12:05  Phoenix x2  
  73  12:30  Mothership Core  
  73  12:36  Phoenix x2  
  73  12:37  Phoenix  
  61  13:01  Phoenix x2  
  61  13:03  Protoss Air Weapons Level 2 (Chrono Boost)  
  55  13:24  Phoenix  
  55  13:26  Phoenix x2  
  61  13:39  Zealot  
  58  14:00  Zealot  
  53  14:51  Phoenix x2 (Chrono Boost)  
  55  15:06  Phoenix (Chrono Boost)  
  57  15:15  Phoenix (Chrono Boost)  
  57  15:19  Phoenix (Chrono Boost)  
  63  15:29  Tempest (Chrono Boost)  
  56  15:42  Zealot  
Show
View Real Time Build Order
Export as new Build Order

Ebiru Terran 

Build Orders:  

Get SALT Encoding   

  12  1:09  SCV  
  13  1:13  Supply Depot  
  13  1:19  Refinery  
  13  1:20  Command Center  
  13  1:21  Refinery  
  13  1:23  SCV  
  14  1:37  SCV  
  15  1:42  Supply Depot  
  15  1:49  SCV  
  16  2:01  SCV  
  16  2:05  Barracks  
  17  2:13  SCV  
  18  2:26  SCV  
  19  2:37  SCV  
  19  2:41  SCV  
  21  2:44  Supply Depot  
  21  2:50  SCV  
  22  2:53  Barracks Reactor, Refinery  
  22  2:56  SCV  
  23  3:02  SCV  
  24  3:08  SCV  
  25  3:14  SCV  
  26  3:20  SCV  
  26  3:26  SCV  
  28  3:32  SCV  
  28  3:33  Marine x2  
  31  3:38  SCV  
  31  3:39  Refinery  
  32  3:45  Factory  
  32  3:50  SCV  
  33  4:02  SCV  
  34  4:14  SCV  
  35  4:26  SCV  
  36  4:47  SCV  
  36  4:50  Marine x2  
  39  4:56  Starport  
  39  4:58  Starport  
  39  4:59  SCV  
  40  5:03  Starport  
  40  5:07  Starport  
  40  5:09  Command Center  
  40  5:10  Marine x2  
  40  5:11  SCV  
  40  5:14  SCV  
  44  5:17  Factory Tech Lab  
  44  5:18  Engineering Bay  
  44  5:23  SCV  
  44  5:26  SCV  
  46  5:35  SCV  
  47  5:47  SCV  
  48  6:11  Starport Tech Lab x4  
  48  6:16  Starport  
  48  6:23  Starport  
  48  6:24  Armory, SCV  
  49  6:34  Marine x2  
  49  6:35  Recalibrated Explosives  
  49  6:36  SCV  
  49  6:37  Corvid Reactor  
  52  6:45  Supply Depot  
  52  6:48  SCV  
  53  6:54  Missile Turret  
  53  6:56  Starport Tech Lab  
  53  7:03  Missile Turret  
  53  7:10  Starport Tech Lab  
  53  7:12  Raven x2  
  53  7:13  Raven x2  
  61  7:19  Missile Turret  
  61  7:25  SCV  
  61  7:26  Missile Turret  
  61  7:28  Refinery  
  61  7:29  Refinery  
  62  7:30  Missile Turret  
  62  7:35  Orbital Command  
  62  7:37  SCV  
  63  7:50  SCV  
  64  7:52  Missile Turret  
  64  7:58  Raven x3  
  68  8:02  SCV  
  71  8:20  Marine x2  
  71  8:22  SCV  
  74  8:34  SCV  
  74  8:38  Raven  
  77  8:44  Orbital Command  
  77  8:45  Raven  
  77  8:46  SCV  
  77  8:47  Supply Depot  
  80  8:58  SCV  
  81  9:10  SCV  
  82  9:55  Raven x5  
  92  10:02  Raven  
  92  10:06  Supply Depot  
  94  10:08  Supply Depot  
  94  10:11  Supply Depot  
  94  10:18  Terran Vehicle And Ship Armor Level 1  
  94  10:24  Missile Turret  
  90  10:47  Missile Turret  
  89  11:05  Missile Turret  
  89  11:13  Raven x5  
  89  11:14  Raven  
  101  11:26  Missile Turret  
  101  11:40  Liberator x3  
  101  11:41  Liberator  
  111  12:18  Liberator x2  
  101  12:23  Liberator  
  107  12:41  Liberator x2  
  110  12:54  Refinery  
  110  12:55  Command Center  
  116  13:11  Liberator  
  116  13:12  Liberator  
  81  14:00  Factory  
  81  14:02  Factory  
  78  14:05  Factory  
  78  14:06  Factory  
  75  14:11  Drilling Claws  
  75  14:12  Widow Mine  
  59  14:44  Factory Reactor  
  59  14:45  Factory Reactor  
  59  14:47  Widow Mine  
  59  14:48  Factory Reactor  
  59  14:49  Factory Reactor  
  58  15:23  Widow Mine x3  
  58  15:24  Widow Mine x2  
  58  15:25  Widow Mine x3  
  58  15:26  Widow Mine  
  70  15:32  Terran Vehicle And Ship Armor Level 2  
  70  15:51  Widow Mine x2  
  70  15:52  Widow Mine x2  
  70  15:53  Widow Mine x3  
  70  15:54  Widow Mine x2  
  88  16:05  Supply Depot  
  88  16:08  Supply Depot  
  88  16:20  Widow Mine x3  
  88  16:21  Widow Mine x2  
  88  16:22  Widow Mine x3  
  88  16:23  Widow Mine  
  106  16:48  Widow Mine x2  
  106  16:49  Widow Mine x2  
  106  16:50  Widow Mine x3  
  106  16:51  Widow Mine x2  
  115  17:17  Widow Mine x2  
  115  17:18  Widow Mine x3  
  115  17:19  Widow Mine x3  
  115  17:20  Widow Mine  
  123  17:45  Widow Mine  
  123  17:46  Widow Mine x3  
  123  17:47  Widow Mine x2  
Show
View Real Time Build Order
Export as new Build Order

Ameal Terran 

Build Orders:  

Get SALT Encoding   

  12  0:11  Supply Depot  
  12  0:13  SCV  
  13  0:26  SCV  
  14  0:36  Barracks  
  14  0:38  SCV  
  15  0:50  SCV  
  15  0:52  Refinery  
  16  0:59  Refinery  
  16  1:02  SCV  
  17  1:14  SCV  
  18  1:25  Marine, Supply Depot  
  19  1:41  Factory  
  19  1:43  Marine  
  20  1:59  Orbital Command  
  20  2:09  Engineering Bay  
  20  2:11  Marine  
  21  2:25  Factory Tech Lab  
  21  2:33  Bunker  
  21  2:37  Missile Turret  
  21  2:43  Siege Tank  
  24  3:07  Missile Turret  
  24  3:16  Siege Tank  
  27  3:43  Missile Turret  
  27  3:48  Siege Tank  
  30  3:49  Missile Turret  
  30  4:20  Siege Tank  
  30  4:21  Armory  
  33  5:11  Terran Vehicle Weapons Level 1  
  33  5:17  Missile Turret  
  33  5:32  Siege Tank  
  36  5:36  Missile Turret  
  36  6:03  Missile Turret  
  36  6:22  Missile Turret  
  36  6:25  Widow Mine  
  38  6:43  Missile Turret  
  38  6:53  Widow Mine  
  40  7:03  Missile Turret  
  40  7:09  Terran Vehicle Weapons Level 2  
  40  7:22  Missile Turret, Supply Depot  
  40  7:23  Hi-Sec Auto Tracking  
  40  7:45  Supply Depot  
  40  7:52  Command Center  
  40  7:53  Thor  
  46  8:17  Command Center  
  46  8:36  Siege Tank  
  49  9:05  Planetary Fortress  
  49  9:10  Missile Turret  
  49  9:31  Missile Turret, Terran Vehicle Weapons Level 3  
  49  9:42  Missile Turret  
  49  9:56  Planetary Fortress  
  49  10:01  Missile Turret  
  49  10:04  Missile Turret  
  49  10:22  Missile Turret  
  49  11:00  Siege Tank  
  52  11:12  Command Center  
  52  11:17  Missile Turret  
  52  11:33  Siege Tank  
  55  11:45  Bunker  
  55  11:48  Marine  
  56  12:05  Marine  
  57  12:16  Bunker  
  57  12:23  Marine  
  57  12:27  Planetary Fortress  
  58  12:56  Starport  
  59  13:27  SCV  
  59  13:28  SCV  
  59  13:29  SCV  
  61  13:34  Starport  
  61  13:39  SCV  
  61  13:40  SCV  
  63  13:41  SCV  
  64  13:51  Starport Reactor, SCV  
  64  13:52  SCV  
  66  14:03  SCV  
  66  14:04  SCV  
  68  14:12  Liberator x2  
  68  14:15  SCV  
  68  14:16  SCV  
  70  14:18  Starport Tech Lab  
  76  14:55  Liberator x2  
  82  15:55  Liberator x2  
  82  16:00  Sensor Tower  
  88  16:59  Liberator x2  
  94  17:37  Refinery  
  94  17:40  Refinery  
  94  17:41  Liberator  
  94  17:42  Liberator  
  100  18:24  Liberator x2  
Tags
 
Add a new tag
Caveats
  • Supply blocks, unpowered buildings, or Contaminate may cause inaccurate times.
  • Supply counts are checked every 10 seconds.